 Dungeon Crawl Stone Soup version 0.28-a0-863-g8cecda6153 (webtiles) character file.

Game seed: 13356640019278441522

1519 ders the Geomancer (level 8, 0/41 HPs)
             Began as a Gargoyle Earth Elementalist on Nov 19, 2021.
             Slain by Maggie (7 damage)
             ... on level 6 of the Dungeon.
             The game lasted 00:09:29 (7146 turns).

ders the Geomancer (Gargoyle Earth Elementalist)    Turns: 7146, Time: 00:09:30

Health: 0/41       AC:  7    Str: 12    XL:     8   Next: 84%
Magic:  1/17       EV: 11    Int: 18    God:
Gold:   349        SH:  0    Dex: 10    Spells: 12/19 levels left

rFire   . . .      SeeInvis .   a - staff of conjuration
rCold   . . .      Faith    .   (no shield)
rNeg    + . .      Spirit   .   b - +0 robe
rPois   ∞          Reflect  .   (no helmet)
rElec   +          Harm     .   (no cloak)
rCorr   .          Rampage  .   (no gloves)
Will    .....                   (no boots)
Stlth   ++........              (no amulet)
HPRegen 0.13/turn               (no ring)
MPRegen 0.15/turn               (no ring)

@: about to teleport, studying Invocations
A: sickness immunity, AC +5, negative energy resistance 1, electricity
resistance, torment resistance 1, petrification resistance
a: no special abilities


You were on level 6 of the Dungeon.
You visited 1 branch of the dungeon, and saw 6 of its levels.

You collected 349 gold pieces.

Inventory:

Hand Weapons
 f - a +0 short sword
 j - a +1 dagger of electrocution
Missiles
 l - 99 stones
 q - a throwing net
Armour
 b - a +0 robe (worn)
Magical Staves
 a - a staff of conjuration (weapon)
Wands
 k - a wand of iceblast (5)
Scrolls
 d - a scroll of vulnerability
 e - 2 scrolls of amnesia {unknown}
 g - a scroll of holy word
 h - a scroll of fear
 i - 2 scrolls of teleportation
 m - a scroll of silence {unknown}
 p - 2 scrolls of enchant weapon {unknown}
 u - a scroll of fog
Potions
 n - a potion of curing
 o - a potion of flight
 r - a potion of brilliance {unknown}
 s - a potion of heal wounds {unknown}
 t - a potion of berserk rage {unknown}
 v - 2 potions of invisibility {unknown}


   Skills:
 - Level 1.5 Dodging
 - Level 2.1 Stealth
 + Level 6.0 Spellcasting
 + Level 6.5 Conjurations
 - Level 0.7 Transmutations
 + Level 8.3 Earth Magic


You had 12 spell levels left.
You knew the following spells:

 Your Spells              Type           Power      Damage    Failure   Level
a - Sandblast             Erth           70%        2d15      1%          1
b - Stone Arrow           Conj/Erth      96%        3d13      1%          3
c - Swiftness             Air            5%         N/A       34%         3

Your spell library contained the following spells:

 Spells                   Type           Power      Damage    Failure   Level
 Passwall                 Tmut/Erth      17%        N/A       2%          2
 Shock                    Conj/Air       100%       1d9       3%          1
 Animate Skeleton         Necr           10%        N/A       12%         1
 Pain                     Necr           20%        1d5       12%         1
 Petrify                  Tmut/Erth      21%        N/A       19%         4
 Vampiric Draining        Necr           5%         2d6       34%         3
 Irradiate                Conj/Tmut      13%        3d18      58%         5
 Airstrike                Air            2%         N/A       75%         4
 Sublimation of Blood     Necr           Unusable   N/A       N/A         2

Dungeon Overview and Level Annotations

Branches:
Dungeon (6/15)
 Temple: D:4-7

Altars:

Annotations:
D:5 1 runed translucent door, AttackTheMoon's ghost, novice OpFi
D:6 Maggie


Innate Abilities, Weirdness & Mutations

You are immune to sickness and miasma.
Your stone body is resilient. (AC +5)
You are immune to poison.
You resist negative energy. (rN+)
You are resistant to electric shocks. (rElec)
You are resistant to unholy torment.
You are immune to petrification.


Message History

The blast of sand hits Maggie!
Maggie is heavily wounded.
Maggie barely misses you.
Maggie hits you with a +0 morningstar of holy wrath.
Unknown command.
Casting: Sandblast (safe; 1% risk of failure)
Confirm with . or Enter, or press ? or * to list all spells.
Aiming: Sandblast (safe; 1% risk of failure)
Press: ? - help, Shift-Dir - straight line, f/p - Maggie
Aim: Maggie, wielding a +0 morningstar of holy wrath and wearing +2 acid dragon scales (heavily wounded, mesmerising, fast, 82% to hit)
The blast of sand hits Maggie but does no damage.
Maggie is heavily wounded.
Maggie hits you with a +0 morningstar of holy wrath!
* * * LOW HITPOINT WARNING * * *
Unknown command.
Casting: Sandblast (safe; 1% risk of failure)
Confirm with . or Enter, or press ? or * to list all spells.
Aiming: Sandblast (safe; 1% risk of failure)
Press: ? - help, Shift-Dir - straight line, f/p - Maggie
Aim: Maggie, wielding a +0 morningstar of holy wrath and wearing +2 acid dragon scales (heavily wounded, mesmerising, fast, 82% to hit)
The blast of sand hits Maggie!
Maggie is severely wounded.
Maggie closely misses you. x2
Unknown command.
You cannot move away from Maggie!
Unknown command.
Okay, then.
You feel better.
Maggie hits you with a +0 morningstar of holy wrath.
Your magical effects are unravelling.
You feel magically purged.
You break out of your daze.
Maggie mumbles some strange words.
Maggie attempts to bespell you! You resist.
Maggie hits you with a +0 morningstar of holy wrath!
* * * LOW HITPOINT WARNING * * *
As you read the scroll of teleportation, it crumbles to dust.
You feel strangely unstable.
Maggie hits you with a +0 morningstar of holy wrath!
You die...

###############..
................
#..........#
###.##...#...#
##..@......<..#
#..@..#...###...#
#...†##.#.......###
#.#.. ###..####.#
#.... #... ####.
##... #. #.... ##
#.....


You could see Maggie (fast).

Vanquished Creatures
  Grinder (D:3)
  A wraith (D:5)
  A black bear (D:3)
  A hornet zombie (D:4)
  A sky beast (D:6)
  2 phantoms (D:4)
  The ghost of Cancer the Conjurer, an amateur GrCj of Vehumet (D:3)
  2 scorpions
  A gnoll sergeant (D:5)
  A jelly (D:4)
  A hound (D:4)
  A gnoll shaman (D:5)
  A centaur skeleton (D:4)
  An iguana (D:5)
  A killer bee zombie (D:4)
  A hound skeleton (D:3)
  Robin (D:3)
  9 gnolls
  9 adders
  A shadow imp (D:5)
  4 worms (D:2)
  4 dart slugs
  8 orcs
  5 endoplasms
  2 giant cockroaches (D:4)
  16 goblins
  13 hobgoblins
  4 kobolds (D:1)
  6 quokkas
  5 ball pythons
  7 bats
  7 frilled lizards
  8 rats
127 creatures vanquished.

Vanquished Creatures (others)
  10 plants (D:5)
  2 withered plants (D:5)
12 creatures vanquished.

Grand Total: 139 creatures vanquished

Notes
Turn   | Place    | Note
-------+----------+-------------------------------------------
     0 | D:1      | ders the Gargoyle Earth Elementalist began the quest for
                  | the Orb.
     0 | D:1      | Reached XP level 1. HP: 10/10 MP: 3/3
   256 | D:1      | Reached skill level 1 in Conjurations
   256 | D:1      | Reached XP level 2. HP: 15/15 MP: 1/5
   437 | D:1      | Reached skill level 4 in Earth Magic
   740 | D:1      | Reached XP level 3. HP: 18/19 MP: 0/6
   744 | D:1      | Learned a level 3 spell: Stone Arrow
  1652 | D:2      | Reached XP level 4. HP: 24/24 MP: 6/8
  2947 | D:3      | Noticed Robin
  2973 | D:3      | Reached XP level 5. HP: 28/28 MP: 5/9
  3093 | D:3      | Killed Robin
  3094 | D:3      | Reached skill level 5 in Earth Magic
  3181 | D:3      | Found a runed translucent door.
  3190 | D:3      | Noticed Cancer's ghost (amateur GrCj)
  3324 | D:3      | Noticed Grinder
  3324 | D:3      | Paralysed by Grinder for 5 turns
  3341 | D:3      | Killed Grinder
  3342 | D:3      | Reached XP level 6. HP: 21/32 MP: 0/11
  3577 | D:3      | Killed Cancer's ghost
  3578 | D:3      | Reached skill level 6 in Earth Magic
  3578 | D:3      | Reached XP level 7. HP: 31/36 MP: 2/13
  3676 | D:3      | Identified a scroll of acquirement
  3676 | D:3      | Acquired a staff of conjuration
  4673 | D:4      | You fall into a shaft and drop 1 floor!
  4673 | D:5      | Entered Level 5 of the Dungeon
  4765 | D:5      | Learned a level 3 spell: Swiftness
  4794 | D:4      | Reached skill level 5 in Conjurations
  5083 | D:4      | Reached skill level 7 in Earth Magic
  5281 | D:4      | Reached skill level 5 in Spellcasting
  5281 | D:4      | Reached XP level 8. HP: 33/41 MP: 5/15
  5800 | D:5      | Noticed a wraith
  5805 | D:5      | Killed a wraith
  6026 | D:5      | Found a runed translucent door.
  6026 | D:5      | Noticed AttackTheMoon's ghost (novice OpFi)
  6389 | D:5      | Reached skill level 8 in Earth Magic
  7130 | D:6      | Noticed Maggie
  7146 | D:6      | Slain by Maggie

Illustrated notes

Levels and vault maps discovered:
D:1:      minmay_arrival_up_and_down, layout_basic, serial_forest,
          infiniplex_forest_lined_ring, infiniplex_forest_lined_3,
          infiniplex_forest_straight_3, infiniplex_forest_clump_long,
          infiniplex_forest_clump_double, infiniplex_forest_lined_2,
          infiniplex_forest_lined_2, infiniplex_forest_clump_medium,
          infiniplex_forest_clump_curved, infiniplex_forest_diagonal,
          minmay_pentomino_s4
D:2:      minmay_alternating_diamond, layout_basic, minmay_misc_feat_chi
D:3:      layout_basic, hellmonk_ghost_happy_afterlife, minmay_crystal_water,
          uniq_grinder, uniq_robin
D:4:      layout_gridville, minmay_pentangle
D:5:      layout_cave_pods, gammafunk_ghost_grave, nicolae_grassy_gnolls
D:6:      layout_basic, temple_hall, uniq_pikel, uniq_maggie

Skill      XL: |  1  2  3  4  5  6  7  8 |
---------------+-------------------------+-----
Conjurations   | 1 2 3 4 5 6 |  6.5
Earth Magic    | 4 5 6 7 8 |  8.3
Spellcasting   | 3 4 5 6 |  6.0
Dodging        | |  1.5
Stealth        | |  2.1
Transmutations | |  0.7

Action                   |  1- 3 |  4- 6 |  7- 9 || total
-------------------------+-------+-------+-------++-------
Melee: Unarmed           |    11 |       |       ||    11
       Dagger            |       |    45 |       ||    45
       Staff             |       |       |     2 ||     2
 Cast: Sandblast         |    52 |    42 |    35 ||   129
       Stone Arrow       |     1 |     3 |    61 ||    65
  Use: Scroll            |       |       |    10 ||    10
       Potion            |       |       |     2 ||     2
Armor: Robe              |    11 |    16 |    22 ||    49
Dodge: Dodged            |    22 |    35 |    26 ||    83

Table legend: (Time is in decaauts)
 A = Elapsed time spent in this place.
 B = Non-inter-level travel time spent in this place.
 C = Inter-level travel time spent in this place.
 D = Time resting spent in this place.
 E = Time spent auto-exploring this place.
 F = Levels seen in this place.
 G = Mean time per level.
                   A        B        C        D        E       F      G
               +--------+--------+--------+--------+--------+-----+--------+
         Total |   7147 |   6862 |    285 |   2054 |   4011 |   6 | 1191.2 |
       Dungeon |   7147 |   6862 |    285 |   2054 |   4011 |   6 | 1191.2 |
               +--------+--------+--------+--------+--------+-----+--------+

Top non-repeatable levels by time:
     D:4: 1994 daAuts
     D:3: 1367 daAuts
     D:5: 1322 daAuts
     D:1: 1265 daAuts
     D:2: 1167 daAuts
     D:6: 29 daAuts
